 Dungeon Crawl Stone Soup version 0.20-a0-1122-gb7cbeb9 (webtiles) character file.

7569 FrankyJ the Unseen (level 10, -4/71 HPs)
             Began as a Vampire Enchanter on May 11, 2017.
             Was an Elder of Dithmenos.
             Slain by a two-headed ogre
             ... wielding a +0 giant club
              (23 damage)
             ... on level 10 of the Dungeon.
             The game lasted 01:04:56 (19170 turns).

FrankyJ the Unseen (Vampire Enchanter)             Turns: 19170, Time: 01:04:57

Health: -4/71      AC:  9    Str: 10    XL:     10   Next: 97%
Magic:  7/17       EV: 16    Int: 22    God:    Dithmenos [****..]
Gold:   567        SH:  2    Dex: 18    Spells: 7/19 levels left

rFire    . . .     SeeInvis +   i - +2 dagger (venom)
rCold    + . .     Gourm    .   (no shield)
rNeg     + + .     Faith    .   Q - +1 leather armour of Valiance {Dex+3}
rPois    +         Spirit   .   S - +1 hat
rElec    .         Reflect  +   q - +0 cloak
rCorr    .         Harm     .   (no gloves)
MR       ++...                  V - +2 pair of boots
Stlth    ++++++++++             I - +2 amulet of reflection
Regen    0.1/turn               e - ring of protection from fire
MPRegen  0.2/turn               r - ring of Faisuw {rPois rF- MR+ Int+4}

@: very slightly contaminated, regenerating slowly, wreathed by umbra
A: fangs 3, see invisible, unbreathing
a: Bat Form, Shadow Step, Renounce Religion


You were on level 10 of the Dungeon.
You worshipped Dithmenos.
Dithmenos was greatly pleased with you.
You were very thirsty.

You visited 2 branches of the dungeon, and saw 11 of its levels.
You also visited: Bailey.

You collected 657 gold pieces.
You spent 90 gold pieces at shops.

Inventory:

Hand Weapons
 a - a cursed -3 short sword
 h - a +1 long sword of protection
 i - a +2 dagger of venom (weapon)
 w - a +4 long sword
 L - a +1 dagger of protection
 T - the +3 war axe of Malaise {vamp, MR+ Int+3 Dex+3 Stlth-}
   (You found it on level 7 of the Dungeon)

   It inflicts no extra harm, but heals its wielder when it wounds a living foe.
   It affects your intelligence (+3).
   It affects your dexterity (+3).
   It affects your resistance to hostile enchantments.
   It makes you less stealthy.
Missiles
 t - 5 tomahawks of returning (quivered)
 x - 24 tomahawks
Armour
 q - a +0 cloak (worn)
 Q - the +1 leather armour of Valiance (worn) {Dex+3}
   (You found it on level 7 of the Dungeon)

   It affects your dexterity (+3).
 S - a +1 hat (worn)
 V - a +2 pair of boots (worn)
Magical Staves
 K - an uncursed staff of wizardry
Jewellery
 e - a ring of protection from fire (left hand)
 r - the ring of Faisuw (right hand) {rPois rF- MR+ Int+4}
   (You found it on level 4 of the Dungeon)

   [ring of protection from magic]

   It affects your intelligence (+4).
   It makes you vulnerable to fire.
   It protects you from poison.
   It affects your resistance to hostile enchantments.
 I - a +2 amulet of reflection (around neck)
 O - an uncursed ring of stealth {unknown}
 X - a +2 ring of protection {unknown}
Wands
 l - a wand of confusion (19/48)
 B - a wand of confusion (18/48)
 J - a wand of iceblast (9/15)
 M - a wand of iceblast (5/15)
Scrolls
 b - 4 scrolls of identify
 f - a scroll of amnesia
 g - 6 scrolls of teleportation
 p - 2 scrolls of recharging
 v - 2 scrolls of blinking
 A - a scroll of fog
 W - 2 scrolls of magic mapping
Potions
 d - 17 potions of blood
 j - a potion of mutation {unknown}
 k - 2 potions of lignification {unknown}
 m - 3 potions of heal wounds
 n - 3 potions of brilliance
 o - a potion of flight
 z - 3 potions of agility
 C - a potion of magic {unknown}
 E - a potion of resistance {unknown}
 F - a potion of degeneration {unknown}
 H - 2 potions of invisibility {unknown}
 P - a potion of haste {unknown}
 R - a potion of berserk rage {unknown}
Books
 c - a book of Maledictions

   Spells                             Type                      Level
   a - Corona                         Hexes                        1
   b - Ensorcelled Hibernation        Hexes/Ice                    2
   c - Confuse                        Hexes                        3
   d - Tukima's Dance                 Hexes                        3
   e - Dazzling Spray                 Conjuration/Hexes            3
 U - a book of Power

   Spells                             Type                      Level
   a - Iskenderun's Battlesphere      Conjuration/Charms           5
   b - Venom Bolt                     Conjuration/Poison           5
   c - Bolt of Magma                  Conjuration/Fire/Earth       5
   d - Iron Shot                      Conjuration/Earth            6
   e - Orb of Destruction             Conjuration                  7
   f - Spellforged Servitor           Conjuration/Summoning        7


   Skills:
 - Level 4.0 Fighting
 - Level 4.0 Short Blades
 - Level 3.0 Armour
 - Level 6.0 Dodging
 + Level 18.7 Stealth
 - Level 5.2 Spellcasting
 - Level 6.2 Hexes
 - Level 1.2 Ice Magic


You had 7 spell levels left.
You knew the following spells:

 Your Spells              Type           Power        Failure   Level  Hunger
a - Corona                Hex            ####...      1%          1    None
b - Ensorcelled Hibernat  Hex/Ice        ###...       4%          2    None
c - Tukima's Dance        Hex            ####....     3%          3    ##.....
d - Dazzling Spray        Conj/Hex       ###...       11%         3    ##.....
e - Confuse               Hex            ####....     3%          3    ##.....


Dungeon Overview and Level Annotations

Branches:
Dungeon (10/15)            Temple (1/1) D:4            Lair (0/6) D:9
    Orc (0/2) D:10

Altars:
Ashenzari
Cheibriados
Dithmenos
Elyvilon
Fedhas
Gozag
Hepliaklqana
Kikubaaqudgha
Makhleb
Nemelex Xobeh
Okawaru
Qazlal
Ru
Sif Muna
Trog
Uskayaw
Vehumet
Wu Jian
Xom
Yredelemnul
Zin
The Shining One

Shops:
D:4 =   D:6 ==[[=

Annotations:
D:3 fooot's ghost, amateur SpEn
D:8 Brutalitops's ghost, novice TeWn


Innate Abilities, Weirdness & Mutations

You heal slowly.
You have razor-sharp teeth.
You have supernaturally acute eyesight. (SInv)
You can survive without breathing.


Message History

You block the two-headed ogre's attack.
The two-headed ogre hits you with a giant club!
Casting: Confuse
Confirm with . or Enter, or press ? or * to list all spells.
Aiming: Corona
Press: ? - help, Shift-Dir - straight line, f/p - two-headed ogre
Aim: a two-headed ogre, wielding two giant clubs (umbra, chance to defeat MR: 55%)
The two-headed ogre is outlined in light.
The two-headed ogre hits you with a giant club!!
You emit a cloud of dark smoke.
The two-headed ogre closely misses you.
Casting: Corona
Confirm with . or Enter, or press ? or * to list all spells.
Aiming: Confuse
Press: ? - help, Shift-Dir - straight line, f/p - two-headed ogre
Aim: a two-headed ogre, wielding two giant clubs (black smoke, softly glowing, umbra, chance to defeat MR: 44%)
You miscast Confuse.
Your skin glows momentarily.
The two-headed ogre hits you with a giant club!
* * * LOW HITPOINT WARNING * * *
The two-headed ogre hits you with a giant club!!
You die...

#..######..###########
#...............>#....
#................#....
#................#....
#................#....
#................#....
#...§§§...############
#...§§§...#######8###.
#...§@§...#§≈§§#...#..
#...O######≈≈..#......
....... #§>..'...... .......
#§§..#...... .......
#≈≈≈.#...#.. .......
#######8###8 ....... ### ##
############################
#.....#..........)..........


You could see a two-headed ogre.

Vanquished Creatures
  4 centaur skeletons
  Sigmund (D:6)
  A wyvern (D:10)
  A yak (D:9)
  A hungry ghost (D:8)
  A basilisk (D:9)
  4 ice beasts
  7 orc warriors
  A sky beast (D:5)
  4 ogres
  A centaur (D:6)
  2 crocodiles
  A big kobold (D:7)
  9 gnoll sergeants
  6 bullfrogs
  2 scorpions
  5 killer bees (D:9)
  4 wights (D:10)
  8 howler monkeys
  2 centaur zombies
  3 quasits
  2 bullfrog zombies (D:6)
  A crimson imp (D:10)
  9 orc priests
  6 jellies
  15 orc wizards
  6 gnoll shamans (Bailey)
  4 hounds
  Crazy Yiuf (D:3)
  Ijyb (D:2)
  Jessica (D:2)
  2 iguanas (D:4)
  7 worker ants
  A hound zombie (D:6)
  A hound skeleton (D:6)
  A howler monkey zombie (D:6)
  A worker ant zombie (D:5)
  22 gnolls
  11 adders
  An ooze (D:2)
  An adder skeleton (D:4)
  2 worms
  3 dart slugs
  8 leopard geckos
  53 orcs
  3 giant cockroaches
  8 goblins
  6 hobgoblins
  5 jackals
  3 quokkas
  4 ball pythons
  6 bats
  4 frilled lizards
  2 jackal skeletons
  13 kobolds
  A leopard gecko skeleton (D:7)
  10 rats
293 creatures vanquished.

Vanquished Creatures (collateral kills)
  An ogre (D:7)
  An orc (D:8)
2 creatures vanquished.

Vanquished Creatures (others)
  2 dancing weapons
2 creatures vanquished.

Grand Total: 297 creatures vanquished

Notes
Turn   | Place    | Note
-------+----------+-------------------------------------------
     0 | D:1      | FrankyJ the Vampire Enchanter began the quest for the Orb.
     0 | D:1      | Reached XP level 1. HP: 13/13 MP: 3/3
   471 | D:1      | Reached XP level 2. HP: 4/20 MP: 1/5
   982 | D:1      | Learned a level 2 spell: Ensorcelled Hibernation
  1326 | D:1      | Reached skill level 1 in Fighting
  2128 | D:2      | Reached XP level 3. HP: 26/26 MP: 6/6
  2227 | D:2      | Noticed Jessica
  2521 | D:2      | Killed Jessica
  2677 | D:2      | Reached XP level 4. HP: 24/32 MP: 3/9
  3109 | D:3      | Noticed Ijyb
  3268 | D:2      | Killed Ijyb
  3536 | D:3      | Reached XP level 5. HP: 35/37 MP: 8/11
  3655 | D:3      | Noticed fooot's ghost (amateur SpEn)
  5250 | D:3      | Learned a level 3 spell: Tukima's Dance
  5642 | D:3      | Found a runed door.
  5854 | D:3      | Noticed Crazy Yiuf
  5870 | D:3      | Killed Crazy Yiuf
  5876 | D:3      | Reached skill level 5 in Stealth
  6082 | D:4      | Found a staircase to the Ecumenical Temple.
  6087 | Temple   | Entered the Ecumenical Temple
  6253 | Temple   | Became a worshipper of Dithmenos the Shadowed
  6279 | D:4      | Reached skill level 5 in Hexes
  6282 | D:4      | Reached XP level 6. HP: 43/43 MP: 9/13
  6330 | D:4      | Got a steaming lapis lazuli ring
  6434 | D:4      | Found Ceagacao's Jewellery Emporium.
  7255 | D:4      | Reached skill level 6 in Stealth
  7280 | D:4      | Reached skill level 5 in Spellcasting
  7603 | D:4      | Found an ornate altar of the Wu Jian Council.
  7621 | D:4      | Reached XP level 7. HP: 48/48 MP: 14/14
  7809 | D:4      | Reached skill level 7 in Stealth
  8319 | D:4      | Learned a level 3 spell: Dazzling Spray
  8358 | D:4      | Reached * piety under Dithmenos
  8507 | D:5      | Entered Level 5 of the Dungeon
  8664 | D:5      | Reached skill level 8 in Stealth
  9621 | D:6      | Found Ysohad's Antique Armour Shoppe.
  9621 | D:6      | Found a white marble altar of Elyvilon.
  9628 | D:6      | Reached XP level 8. HP: 54/54 MP: 15/15
  9633 | D:6      | Reached skill level 1 in Armour
  9674 | D:6      | Found Askeohaj's Antique Armour Emporium.
  9676 | D:6      | Noticed Sigmund
  9989 | D:6      | Found Oddel's Jewellery Shoppe.
 10016 | D:6      | Found Ynadela's Jewellery Shop.
 10024 | D:6      | Bought a +2 amulet of reflection for 90 gold pieces
 10026 | D:6      | Identified the ring of Faisuw {rPois rF- MR+ Int+4} (You found it on level 4 of the Dungeon)
 10052 | D:6      | Killed Sigmund
 10052 | D:6      | Reached skill level 5 in Dodging
 10137 | D:6      | Got a transparent steel ring
 10529 | D:6      | Found Henn's Jewellery Emporium.
 10717 | D:7      | Reached ** piety under Dithmenos
 10797 | D:7      | Reached skill level 1 in Ice Magic
 10826 | D:7      | Found an ornate altar of the Wu Jian Council.
 10858 | D:7      | Got a spiked leather armour
 10874 | D:7      | Got a smoking war axe
 10878 | D:7      | Identified the ring of Qustra Gaadi {rPois rC+ rN++ Str-5} (You found it on level 6 of the Dungeon)
 10881 | D:7      | Identified the cursed +1 leather armour of Valiance {Dex+3} (You found it on level 7 of the Dungeon)
 10895 | D:7      | Identified the +3 war axe of Malaise {vamp, MR+ Int+3 Dex+3 Stlth-} (You found it on level 7 of the Dungeon)
 10937 | D:7      | Reached skill level 9 in Stealth
 11142 | D:7      | Reached skill level 10 in Stealth
 11293 | D:7      | Reached XP level 9. HP: 59/59 MP: 16/16
 12123 | D:6      | Reached skill level 11 in Stealth
 12428 | D:8      | Reached skill level 12 in Stealth
 12589 | D:8      | Identified the Almanac of Ashen Shape Shifting
 12628 | D:8      | Learned a level 3 spell: Confuse
 12729 | D:8      | Noticed Brutalitops's ghost (novice TeWn)
 13664 | D:7      | Reached skill level 13 in Stealth
 14551 | D:9      | Reached *** piety under Dithmenos
 14553 | D:9      | Reached skill level 14 in Stealth
 14627 | D:9      | Found a staircase to the Lair.
 14627 | D:9      | Noticed an elephant
 14666 | D:9      | Found an opulent altar of Gozag.
 14716 | D:9      | Reached skill level 15 in Stealth
 14898 | D:9      | Found a flagged portal.
 14907 | Bailey   | Entered a bailey
 14940 | Bailey   | Reached XP level 10. HP: 51/67 MP: 4/17
 17117 | D:9      | Reached skill level 16 in Stealth
 17145 | D:9      | Found a sparkling altar of Nemelex Xobeh.
 17146 | D:9      | Found a burning altar of Makhleb.
 17147 | D:9      | Found a deep blue altar of Sif Muna.
 17149 | D:9      | Found a hazy altar of Hepliaklqana.
 17313 | D:9      | Reached **** piety under Dithmenos
 17557 | D:10     | Entered Level 10 of the Dungeon
 18271 | D:9      | Reached skill level 17 in Stealth
 18632 | D:10     | Found a staircase to the Orcish Mines.
 18829 | D:10     | Reached skill level 18 in Stealth
 19161 | D:10     | Noticed a two-headed ogre
 19170 | D:10     | Slain by a two-headed ogre

Vault maps used:
D:1:      dpeg_arrival_rooms_a, hangedman_decor_push
D:2:      minmay_distorted, uniq_jessica
D:3:      first_bread, serial_co_window_serial, co_window_paths_b,
          co_window_of_opportunity_a, co_window_paths_a, co_window_paths_a,
          co_window_paths_a, co_window_2corner, co_window_corner_ca,
          co_window_corner_b, co_window_corner_cb, co_window_2corner,
          co_window_corner_ca, uniq_crazy_yiuf_cottage, uniq_ijyb
D:4:      nicolae_overflow_crystal_walls, temple_statues, serial_shops, shop,
          serial_bayou, serial_bayou_lagoon_b, serial_bayou_pond_c,
          serial_bayou_crossing, serial_bayou_pond_d
D:6:      serial_shops, shop, shop, nicolae_shop_behind_doors,
          nicolae_shop_waterfront, shop, grunt_decor_mini_mirrors,
          elyvilon_altar_5, uniq_sigmund
D:7:      basic_altar
D:9:      minitemple, david_lair_generic, enter_bailey_2
D:10:     david_orc_4
Temple:   eino_temple_rhombus
Bailey:   bailey_polearm_gnolls_kennysheep, bailey

Skill      XL: |  1  2  3  4  5  6  7  8  9 10 |
---------------+-------------------------------+-----
Short Blades   | 2 4 |  4.0
Fighting       | 1 4 |  4.0
Spellcasting   | 3 4 5 |  5.2
Stealth        | 5 6 8 10 15 18 | 18.7
Hexes          | 5 6 |  6.2
Dodging        | 3 6 |  6.0
Armour         | 3 |  3.0
Ice Magic      | 1 |  1.2

Action                   |  1- 3 |  4- 6 |  7- 9 | 10-12 || total
-------------------------+-------+-------+-------+-------++-------
Melee: Dagger            |   105 |   156 |   407 |   260 ||   928
       Bite              |     7 |     8 |    41 |    27 ||    83
 Cast: Corona            |    18 |    24 |    48 |    47 ||   137
       Ensorcelled Hiber |     7 |    44 |    90 |    59 ||   200
       Tukima's Dance    |       |     1 |     3 |       ||     4
       Dazzling Spray    |       |       |     1 |       ||     1
       Confuse           |       |       |       |     7 ||     7
 Abil: End Transformatio |       |       |     2 |     3 ||     5
       Bat Form          |       |       |     2 |     3 ||     5
Evoke: Wand              |       |     2 |       |       ||     2
  Use: Potion            |     3 |    12 |    16 |     9 ||    40
       Scroll            |     3 |     3 |    13 |     6 ||    25
 Stab: Sleeping          |    13 |    37 |    68 |    45 ||   163
       Confused          |       |       |       |     5 ||     5
       Distracted        |       |       |       |     1 ||     1
Armor: Robe              |    23 |    20 |    22 |       ||    65
       Leather armour    |       |       |    47 |    38 ||    85
Dodge: Dodged            |    80 |    93 |   321 |   174 ||   668
Block: Other             |       |       |    29 |    17 ||    46
       Reflection        |       |       |       |     1 ||     1
